 Dungeon Crawl Stone Soup version 0.29.1-1-gd02db6906a (webtiles) character file.

Game seed: 17069179671941951184

92 sentinel the Digger (level 5, -2/38 HPs)
             Began as a Meteoran Earth Elementalist on Sept 30, 2022.
             Slain by an orc
             ... wielding a +0 whip
              (5 damage)
             ... on level 3 of the Dungeon.
             The game lasted 00:03:28 (265 turns).

sentinel the Digger (Meteoran Earth Elementalist)    Turns: 265, Time: 00:03:29

Health: -2/38      AC:  2    Str: 10    XL:     5   Next: 14%
Magic:  1/10       EV: 12    Int: 18    God:
Gold:   0          SH:  0    Dex: 14    Spells: 2/9 levels left

rFire   . . .      SeeInvis .   (no weapon)
rCold   . . .      Faith    .   (no shield)
rNeg    . . .      Spirit   .   a - +0 robe
rPois   .          Reflect  .   (no helmet)
rElec   .          Harm     .   (no cloak)
rCorr   .          Rampage  .   (no gloves)
Will    .....                   (no boots)
Stlth   +.........              (no amulet)
HPRegen 0.12/turn               (no ring)
MPRegen 0.12/turn               (no ring)

@: glowing
A: sense surroundings 1, otherworldly, glowing, explore regen
a: no special abilities


You were on level 3 of the Dungeon.
You visited 1 branch of the dungeon, and saw 3 of its levels.

Inventory:

Armour
 a - a +0 robe (worn)
Scrolls
 c - a scroll of identify {unknown}
 e - a scroll of poison {unknown}
 g - a scroll of amnesia {unknown}
Potions
 b - a potion of magic
 d - a potion of brilliance {unknown}
 f - a potion of cancellation {unknown}
 h - a potion of ambrosia {unknown}


   Skills:
 - Level 2.4 Dodging
 - Level 1.4 Stealth
 - Level 2.6 Spellcasting
 * Level 3.0 Conjurations
 - Level 2.0 Translocations
 - Level 1.2 Transmutations
 + Level 4.8 Earth Magic


You had 2 spell levels left.
You knew the following spells:

 Your Spells              Type           Power      Damage    Failure   Level
a - Sandblast             Erth           38%        2d10      2%          1
b - Stone Arrow           Conj/Erth      32%        3d9       10%         3
c - Passwall              Tmut/Erth      10%        N/A       8%          2
g - Apportation           Tloc           18%        N/A       8%          1

Your spell library contained the following spells:

 Spells                   Type           Power      Damage    Failure   Level
 Ensorcelled Hibernation  Hex/Ice        4%         N/A       26%         2
 Spider Form              Tmut/Pois      4%         N/A       36%         3
 Petrify                  Tmut/Erth      13%        N/A       43%         4
 Anguish                  Hex/Necr       1%         N/A       86%         4
 Alistair's Intoxication  Tmut/Pois      2%         N/A       98%         5


Dungeon Overview and Level Annotations

Branches:
Dungeon (3/15) Zot: 1509

Altars:

Annotations:
D:3 3 runed translucent doors, EtherCrawl's ghost, amateur OpEE


Innate Abilities, Weirdness & Mutations

You passively map a small area around you.
You are easily found by Zot.
You glow in the dark.
You regain HP and MP as you explore.


Message History

You kill the hobgoblin!
g - a scroll labelled MOIMNE JALO
Things that are here:
a +0 hand axe; 6 stones; an orc corpse
Found a runed translucent gate.
The kobold shouts!
The kobold brigand shouts!
EtherCrawl's ghost turns its malevolent gaze towards you.
The kobold shouts!
You see here 12 gold pieces.
The kobold shouts! x3
The kobold hits the plant with a +0 dagger.
The kobold hits the plant with a +0 dagger.
The kobold hits the plant with a +2 short sword of distortion.
Space warps around the plant.
Found 18 gold pieces.
The kobold hits the plant with a +0 dagger.
Found a scroll labelled JUPHAMEWEOS.
A nearby plant withers and dies.
A quokka comes into view.
The quokka bites you.
The quokka bites you but does no damage.
The blast of sand hits the quokka!!
You kill the quokka!
You can't see any susceptible monsters within range! (Use Z to cast anyway.)
Found a bubbling white potion.
h - a bubbling white potion An adder comes into view.
Found a ring mail.
Found a stone staircase leading down.
The blast of sand hits the adder.
The adder is severely wounded.
The adder bites you but does no damage. The adder closely misses you.
The blast of sand hits the adder!
You kill the adder!
You can't see any susceptible monsters within range! (Use Z to cast anyway.)
An orc wizard comes into view. It is wielding a +0 dagger.
The orc wizard shouts!
An orc comes into view. It is wielding a +0 dagger.
An orc priest comes into view. It is wielding a +0 falchion.
Found 3 datura-tipped darts.
The orc shouts!
The orc priest shouts!
You hear a shout!
An orc comes into view. It is wielding a +0 whip.
The orc wizard casts a spell at you. The magic dart hits you!
Casting: Sandblast (safe; 2% risk of failure)
Confirm with . or Enter, or press ? or * to list all spells.
Okay, then.
Unknown command.
You aren't carrying any items that you can evoke.
Unknown command.
An orc comes into view. It is wielding a +0 club.
The orc wizard points at you and mumbles some strange words.
The puff of flame hits you! What are your orders? t - Shout!
Orders for allies: a - Attack new target. r - Retreat! s - Stop attacking. g - Guard the area. f - Follow me.
Anything else - Cancel.
You shout for attention!
You hear a shout!
What are your orders? t - Shout!
Orders for allies: a - Attack new target. r - Retreat! s - Stop attacking. g - Guard the area. f - Follow me.
Anything else - Cancel.
You shout for attention!
Casting: Sandblast (safe; 2% risk of failure)
Confirm with . or Enter, or press ? or * to list all spells.
Aiming: Stone Arrow (quite dangerous; 12% risk of failure)
Press: ? - help, Shift-Dir - straight line, f - orc wizard
Aim: an orc wizard, wielding a +0 dagger and wearing a +0 robe (60% to hit)
Okay, then.
Casting: Stone Arrow (quite dangerous; 12% risk of failure)
Confirm with . or Enter, or press ? or * to list all spells.
Aiming: Sandblast (safe; 2% risk of failure)
Press: ? - help, Shift-Dir - straight line, f - orc
Aim: an orc, wielding a +0 club and wearing a +0 ring mail (84% to hit)
The blast of sand hits the orc wizard.
The orc wizard is lightly wounded.
Casting: Sandblast (safe; 2% risk of failure)
Confirm with . or Enter, or press ? or * to list all spells.
Aiming: Sandblast (safe; 2% risk of failure)
Press: ? - help, Shift-Dir - straight line, f/p - orc
Aim: an orc, wielding a +0 club and wearing a +0 ring mail (84% to hit)
The blast of sand misses the orc.
The blast of sand hits the orc!
You kill the orc!
Casting: Sandblast (safe; 2% risk of failure)
Confirm with . or Enter, or press ? or * to list all spells.
Aiming: Sandblast (safe; 2% risk of failure)
Press: ? - help, Shift-Dir - straight line, f - orc wizard, p - orc
Aim: an orc wizard, wielding a +0 dagger and wearing a +0 robe (lightly wounded, 77% to hit)
The blast of sand hits the orc!
You kill the orc!
The orc priest invokes the aid of Beogh against you.
Beogh smites you!
Casting: Sandblast (safe; 2% risk of failure)
Confirm with . or Enter, or press ? or * to list all spells.
Aiming: Sandblast (safe; 2% risk of failure)
Press: ? - help, Shift-Dir - straight line, f/p - orc wizard
Aim: an orc wizard, wielding a +0 dagger and wearing a +0 robe (lightly wounded, 77% to hit)
The blast of sand hits the orc wizard!
The orc wizard is severely wounded.
Casting: Sandblast (safe; 2% risk of failure)
Confirm with . or Enter, or press ? or * to list all spells.
Aiming: Sandblast (safe; 2% risk of failure)
Press: ? - help, Shift-Dir - straight line, f - orc priest, p - orc wizard
Aim: an orc priest, wielding a +0 falchion and wearing a +0 leather armour (82% to hit)
The blast of sand hits the orc wizard.
You kill the orc wizard!
Your Conjurations skill increases to level 3!
You have reached level 5!
Casting: Sandblast (safe; 2% risk of failure)
Confirm with . or Enter, or press ? or * to list all spells.
Aiming: Sandblast (safe; 2% risk of failure)
Press: ? - help, Shift-Dir - straight line, f/p - orc priest
Aim: an orc priest, wielding a +0 falchion and wearing a +0 leather armour (82% to hit)
The blast of sand hits the orc priest.
The orc priest is lightly wounded.
The orc barely misses you.
The orc priest hits you but does no damage.
Casting: Sandblast (safe; 2% risk of failure)
Confirm with . or Enter, or press ? or * to list all spells.
Aiming: Sandblast (safe; 2% risk of failure)
Press: ? - help, Shift-Dir - straight line, f/p - orc priest
Aim: an orc priest, wielding a +0 falchion and wearing a +0 leather armour (lightly wounded, 82% to hit)
The blast of sand hits the orc priest!
The orc priest is heavily wounded.
The orc hits you but does no damage.
The orc priest hits you with a +0 falchion.
The orc closely misses you.
The orc priest hits you with a +0 falchion.
* * * LOW HITPOINT WARNING * * *
HP warning!
Casting: Sandblast (safe; 2% risk of failure)
Confirm with . or Enter, or press ? or * to list all spells.
Aiming: Sandblast (safe; 2% risk of failure)
Press: ? - help, Shift-Dir - straight line, f/p - orc priest
Aim: an orc priest, wielding a +0 falchion and wearing a +0 leather armour (heavily wounded, 82% to hit)
The blast of sand hits the orc priest.
The orc priest is almost dead.
The orc hits you but does no damage. The orc priest closely misses you.
HP warning!
Casting: Sandblast (safe; 2% risk of failure)
Confirm with . or Enter, or press ? or * to list all spells.
Aiming: Sandblast (safe; 2% risk of failure)
Press: ? - help, Shift-Dir - straight line, f/p - orc priest
Aim: an orc priest, wielding a +0 falchion and wearing a +0 leather armour (almost dead, 82% to hit)
The blast of sand hits the orc priest!
You kill the orc priest!
The orc hits you with a +0 whip.
You die...

.oo######## , , ,
(.o.......# ,
.....[....# ,
..........# *
...>......# *
..........# ##### #
.#####...## ###....
#...#######..#####...###
, #.....o@)).)†......###
* #...#########.######
#, ,* #... * * ###.. * ,
,* ### * * * *** , ,* *
, , * * ,


You could see an orc.

Vanquished Creatures
  An orc priest (D:3)
  An orc wizard (D:3)
  3 adders
  A worm (D:2)
  A dart slug (D:3)
  7 orcs (D:3)
  3 bats (D:2)
  A giant cockroach (D:2)
  2 hobgoblins
  2 jackals (D:2)
  A quokka (D:3)
  3 frilled lizards
  3 kobolds
  3 rats
32 creatures vanquished.

Vanquished Creatures (others)
  5 fungi (D:2)
  3 plants
8 creatures vanquished.

Grand Total: 40 creatures vanquished

Notes
Turn   | Place    | Note
-------+----------+-------------------------------------------
     0 | D:1      | sentinel the Meteoran Earth Elementalist began the quest
                  | for the Orb.
     0 | D:1      | Reached XP level 1. HP: 14/14 MP: 5/5
     8 | D:1      | Learned a level 1 spell: Apportation
    50 | D:1      | Reached skill level 1 in Translocations
    50 | D:1      | Reached XP level 2. HP: 20/20 MP: 3/6
    53 | D:1      | Learned a level 2 spell: Passwall
    82 | D:2      | Reached skill level 4 in Earth Magic
   111 | D:2      | Reached XP level 3. HP: 18/26 MP: 1/8
   115 | D:2      | Learned a level 3 spell: Stone Arrow
   146 | D:2      | Reached skill level 1 in Conjurations
   171 | D:3      | Reached XP level 4. HP: 31/33 MP: 3/9
   197 | D:3      | Found a runed translucent gate.
   198 | D:3      | Found a runed translucent gate.
   198 | D:3      | Noticed a kobold brigand
   199 | D:3      | Found a runed translucent gate.
   199 | D:3      | Noticed EtherCrawl's ghost (amateur OpEE)
   262 | D:3      | Reached XP level 5. HP: 9/38 MP: 4/10
   265 | D:3      | Slain by an orc

Illustrated notes

Levels and vault maps discovered:
D:1:      dpeg_arrival_shrine, layout_basic
D:2:      layout_basic, shapermc_ecumenical_altar_hornbeckon,
          minmay_increasing_density
D:3:      layout_rooms, serial_curves, eino_curves_04, eino_curves_02,
          gammafunk_ghost_nasty_kobolds

Skill      XL: |  1  2  3  4 |
---------------+-------------+-----
Translocations | 1 2 |  2.0
Earth Magic    | 4 |  4.8
Conjurations   | 1 3 |  3.0
Dodging        | |  2.4
Stealth        | |  1.4
Spellcasting   | |  2.6
Transmutations | |  1.2

Action                   |  1- 3 |  4- 6 || total
-------------------------+-------+-------++-------
 Cast: Sandblast         |    33 |    16 ||    49
       Passwall          |     2 |       ||     2
       Apportation       |     2 |     3 ||     5
Armor: Robe              |     6 |     5 ||    11
Dodge: Dodged            |    19 |     4 ||    23
